 Dungeon Crawl Stone Soup version 0.26.1-2-gb8aa6d0cf2 (webtiles) character file.

Game seed: 10943418842270385989

851 hawla the Conjurer (level 7, -3/40 HPs)
             Began as a Deep Elf Conjurer on Feb 25, 2021.
             Shot with an arrow by a centaur (10 damage)
             ... on level 5 of the Dungeon.
             The game lasted 00:13:28 (5386 turns).

hawla the Conjurer (Deep Elf Conjurer)              Turns: 5386, Time: 00:13:28

Health: -3/40      AC:  5    Str:  4    XL:     7   Next: 69%
Magic:  23/25      EV: 15    Int: 25    God:
Gold:   176        SH:  0    Dex: 13    Spells: 9/16 levels left

rFire    . . .     SeeInvis .   q - +3 quarterstaff (chaos)
rCold    . . .     Faith    .   (shield currently unavailable)
rNeg     . . .     Spirit   .   a - +0 robe
rPois    .         Reflect  .   (no helmet)
rElec    .         Harm     .   r - +0 cloak
rCorr    .         Rampage  .   g - +1 pair of gloves
Will     .....                  (no boots)
Stlth    ++........             (no amulet)
HPRegen  0.13/turn              b - ring of magical power
MPRegen  0.19/turn              (no ring)

@: very slightly contaminated, invisible
A: no striking features
a: no special abilities


You were on level 5 of the Dungeon.
You visited 2 branches of the dungeon, and saw 6 of its levels.

You collected 176 gold pieces.

Inventory:

Hand Weapons
 q - a +3 quarterstaff of chaos (weapon)
Missiles
 d - 5 poisoned darts
 m - 3 boomerangs
Armour
 a - a +0 robe (worn)
 g - a +1 pair of gloves (worn)
 r - a +0 cloak (worn)
Magical Staves
 e - an uncursed staff of fire
Jewellery
 b - a ring of magical power (left hand)
Wands
 f - a wand of paralysis (7)
Scrolls
 c - a scroll of remove curse
 j - a scroll of enchant weapon
 l - 3 scrolls of amnesia {unknown}
Potions
 h - 3 potions of curing
 k - a potion of heal wounds
 n - a potion of flight {unknown}
 o - 2 potions of mutation {unknown}
 p - a potion of lignification


   Skills:
 - Level 2.0 Fighting
 + Level 5.7 Dodging
 - Level 3.0 Stealth
 + Level 5.0 Spellcasting
 + Level 6.5 Conjurations
 + Level 2.5 Translocations
 + Level 2.2 Fire Magic
 + Level 2.2 Evocations


You had 9 spell levels left.
You knew the following spells:

 Your Spells              Type           Power        Failure   Level
a - Magic Dart            Conj           100%         1%          1
b - Searing Ray           Conj           78%          1%          2
c - Iskenderun's Mystic   Conj/Tloc      29%          13%         4

Your spell library contained the following spells:

 Spells                   Type           Power        Failure   Level
 Apportation              Tloc           38%          2%          1
 Dazzling Flash           Conj/Hex       44%          6%          3
 Animate Skeleton         Necr           12%          9%          1
 Corona                   Hex            6%           9%          1
 Summon Small Mammal      Summ           24%          9%          1
 Fulminant Prism          Conj/Hex       11%          22%         4


Dungeon Overview and Level Annotations

Branches:
Dungeon (5/15)             Temple (1/1) D:4

Altars:
Ashenzari
Cheibriados
Dithmenos
Elyvilon
Fedhas
Gozag
Hepliaklqana
Kikubaaqudgha
Makhleb
Nemelex Xobeh
Okawaru
Qazlal
Ru
Uskayaw
Wu Jian
Xom
Yredelemnul
Zin
The Shining One

Annotations:
D:3 2 transporters, Cecillian's ghost, amateur KoHu


Message History

The arrow hits you.
You see here 2 arrows.
You fade into invisibility!
The centaur shoots an arrow.
The arrow hits you!
You are very lightly contaminated with residual magic.
The centaur shoots an arrow.
The arrow closely misses you.
The centaur shoots an arrow.
The arrow hits you but does no damage.
Casting: Magic Dart (safe; 1% risk of failure)
Confirm with . or Enter, or press ? or * to list all spells.
Aiming: Searing Ray (safe; 1% risk of failure)
Press: ? - help, Shift-Dir - straight line, f/p - centaur
Aim: a centaur, wielding a +0 shortbow and quivering 16 arrows (12% to evade)
The searing ray hits the centaur.
The centaur is moderately wounded. (Press . to maintain the ray.)
The centaur shoots an arrow.
The arrow hits you.
* * * LOW HITPOINT WARNING * * *
The centaur shoots an arrow.
The arrow barely misses you.
The centaur shoots an arrow.
The arrow hits you!
You die...

#.......#
#.......# #..#
#.......###...
#.........#...##
#.......#.##...#
#########.# ...##
.. #.# #c..#
##.###.# #...#
#......####@.###
#..............###
#..##......(.....#
## #......(.....#
#......(.....#
#......((.>..#
#.......(....#
#............#
#.........$..#


You could see a centaur.

Vanquished Creatures
  Grinder (D:4)
  A phantom (D:5)
  A bullfrog (D:3)
  A scorpion (D:5)
  A water moccasin skeleton (D:4)
  2 hounds (D:4)
  An orc wizard (D:5)
  Crazy Yiuf (D:4)
  2 iguanas (D:5)
  A worker ant (D:5)
  A worker ant zombie (D:3)
  4 gnolls (D:4)
  4 adders
  An ufetubus (D:5)
  3 worms (D:3)
  A dart slug (D:3)
  2 leopard geckos
  13 orcs
  3 giant cockroaches
  13 goblins
  8 hobgoblins
  14 jackals
  7 bats
  6 kobolds
  16 rats
108 creatures vanquished.

Notes
Turn   | Place    | Note
-------+----------+-------------------------------------------
     0 | D:1      | hawla the Deep Elf Conjurer began the quest for the Orb.
     0 | D:1      | Reached XP level 1. HP: 10/10 MP: 6/6
   281 | D:1      | Reached XP level 2. HP: 15/15 MP: 8/8
   284 | D:1      | Learned a level 2 spell: Searing Ray
  1118 | D:2      | Reached XP level 3. HP: 20/20 MP: 9/9
  1505 | D:2      | Reached skill level 1 in Translocations
  1570 | D:2      | Reached skill level 1 in Fighting
  1934 | D:3      | Found a transporter.
  1984 | D:3      | Reached XP level 4. HP: 25/25 MP: 11/11
  1989 | D:3      | Learned a level 4 spell: Iskenderun's Mystic Blast
  2019 | D:3      | Found a transporter.
  2019 | D:3      | Noticed Cecillian's ghost (amateur KoHu)
  2054 | D:3      | Reached skill level 5 in Conjurations
  2485 | D:3      | Noticed a bullfrog
  2489 | D:3      | Killed a bullfrog
  2490 | D:3      | Reached XP level 5. HP: 29/29 MP: 13/13
  3523 | D:4      | Found a runed translucent door.
  3524 | D:4      | Noticed Crazy Yiuf
  3550 | D:4      | Found a glowing golden altar of the Shining One.
  3642 | D:4      | Reached skill level 5 in Dodging
  3642 | D:4      | Reached skill level 6 in Conjurations
  3642 | D:4      | Reached XP level 6. HP: 26/34 MP: 12/14
  3780 | D:4      | Found a staircase to the Ecumenical Temple.
  3799 | Temple   | Entered the Ecumenical Temple
  3989 | D:4      | Noticed Grinder
  3992 | D:4      | Paralysed by Grinder for 5 turns
  4004 | D:4      | Paralysed by Grinder for 5 turns
  4009 | D:4      | Killed Grinder
  4010 | D:4      | Reached skill level 1 in Fire Magic
  4010 | D:4      | Reached skill level 1 in Evocations
  4268 | D:4      | Reached XP level 7. HP: 38/38 MP: 15/15
  4822 | D:4      | Found a hide-covered altar of Uskayaw.
  4908 | D:4      | Killed Crazy Yiuf
  4996 | D:5      | Entered Level 5 of the Dungeon
  5308 | D:5      | Reached skill level 5 in Spellcasting
  5375 | D:5      | Found an iron altar of Okawaru.
  5386 | D:5      | Shot with an arrow by a centaur

Illustrated notes

Levels and vault maps discovered:
D:1:      dpeg_arrival_round_a, layout_basic, st_stairs_7,
          minmay_close_crescents
D:2:      minmay_wonky_spiral, layout_basic
D:3:      layout_basic, gammafunk_ghost_stat_death, minmay_vboxes
D:4:      layout_cave_pods, old_standard_altar, marbit_many_paths,
          minmay_temple_entry_junction, uniq_grinder, uniq_crazy_yiuf_cottage
D:5:      layout_basic, overflow_temple_1_default, bloody_trog
Temple:   regret_index_temple_sphere_string

Skill      XL: |  1  2  3  4  5  6  7 |
---------------+----------------------+-----
Stealth        | 3 |  3.0
Translocations | 1 2 |  2.5
Fighting       | 1 2 |  2.0
Dodging        | 3 4 5 |  5.7
Conjurations   | 5 6 |  6.5
Spellcasting   | 4 5 |  5.0
Fire Magic     | 1 2 |  2.2
Evocations     | 1 2 |  2.2

Action                   |  1- 3 |  4- 6 |  7- 9 || total
-------------------------+-------+-------+-------++-------
Melee: Dagger            |       |    21 |       ||    21
       Staff             |       |    18 |       ||    18
 Cast: Magic Dart        |    43 |    26 |     4 ||    73
       Searing Ray       |    21 |    33 |    17 ||    71
       Iskenderun's Myst |       |     1 |     2 ||     3
  Use: Scroll            |     7 |     3 |       ||    10
       Potion            |       |     5 |     1 ||     6
Armor: Robe              |       |    33 |     2 ||    35
       Skin              |       |     2 |       ||     2
Dodge: Dodged            |     2 |    80 |     7 ||    89
